 Dungeon Crawl Stone Soup version 0.30-a0-297-g0ec75d9ef4 (webtiles) character file.

Game seed: 7187748912348811330

26264 koil the Covert (level 12, -1/63 HPs)
             Began as a Spriggan Enchanter on Oct 19, 2022.
             Was a High Priest of Vehumet.
             Slain by a slime creature (17 damage)
             ... on level 4 of the Lair of Beasts.
             The game lasted 01:01:03 (12826 turns).

koil the Covert (Spriggan Enchanter)               Turns: 12826, Time: 01:01:03

Health: -1/63      AC: -1    Str:  8    XL:     12   Next: 96%
Magic:  21/27      EV: 29    Int: 22    God:    Vehumet [*****.]
Gold:   712        SH:  4    Dex: 25    Spells: 24/32 levels left

rFire   . . .      SeeInvis +    y - +3 dagger (protect)
rCold   + . .      Faith    .    (no shield)
rNeg    . . .      Spirit   .    N - +0 steam dragon scales
rPois   .          Reflect  .    (helmet restricted)
rElec   .          Harm     .    V - +0 cloak
rCorr   .          Rampage  .    (gloves unavailable)
Will    ++...                    (boots unavailable)
Stlth   ++++++....               f - amulet of regeneration
HPRegen 1.10/turn                M - +6 ring of intelligence
MPRegen 0.20/turn                C - +6 ring of dexterity

@: corroded, under a protective aura, studying Ranged Weapons, unable to read,
very quick
A: very small, no large weapons, unfitting armour, see invisible, speed 3, large
bone plates 1, cold resistance 1, deformed body, strong 1, inability to read
after injury 1
a: Renounce Religion


You were on level 4 of the Lair of Beasts.
You worshipped Vehumet.
Vehumet was extremely pleased with you.
You visited 3 branches of the dungeon, and saw 15 of its levels.
You also visited: Sewer and Bailey.

You collected 712 gold pieces.

Inventory:

Hand Weapons
 h - a +2 dagger of venom
 i - a +2 short sword of flaming
 v - a +4 scimitar of flaming
 y - a +3 dagger of protection (weapon)
 O - a +0 quick blade
Missiles
 l - 4 curare-tipped darts (quivered)
 A - a throwing net
 E - 12 poisoned darts
Armour
 D - a +2 robe of positive energy
 N - +0 steam dragon scales (worn)
 V - a +0 cloak (worn)
Magical Staves
 H - a staff of death
Jewellery
 f - an amulet of regeneration (around neck)
 j - a +6 ring of intelligence
 o - a ring of protection from fire
 x - a ring of poison resistance
 C - a +6 ring of dexterity (right hand)
 M - a +6 ring of intelligence (left hand)
Wands
 a - a wand of acid (16)
 b - a wand of charming (14)
 k - a wand of iceblast (10)
 F - a wand of flame (17)
 W - a wand of polymorph (3)
Scrolls
 e - 3 scrolls of summoning
 g - a scroll of silence
 q - a scroll of poison
 s - 4 scrolls of magic mapping
 t - 5 scrolls of blinking
 w - 8 scrolls of teleportation
 B - 5 scrolls of fear
 J - 5 scrolls of identify
 P - a scroll of enchant armour
 Q - a scroll of enchant weapon
Potions
 c - 4 potions of invisibility
 d - 5 potions of curing
 m - 2 potions of haste
 n - a potion of cancellation
 p - 2 potions of brilliance
 u - 2 potions of flight
 z - 7 potions of might
 G - a potion of experience
 U - 2 potions of lignification
Miscellaneous
 I - a piece from Xom's chessboard (15/15)


   Skills:
 + Level 7.1 Fighting
 + Level 9.5 Short Blades
 + Level 11.6 Dodging
 + Level 13.9 Stealth
 + Level 10.5 Spellcasting
 + Level 5.6 Conjurations
 + Level 10.9 Hexes


You had 24 spell levels left.
You knew the following spells:

 Your Spells              Type           Power      Damage    Failure   Level
a - Ensorcelled Hibernat  Hex/Ice        70%        N/A       1%          2
b - Confusing Touch       Hex            56%        N/A       1%          3
c - Dazzling Flash        Conj/Hex       96%        N/A       1%          3

Your spell library contained the following spells:

 Spells                   Type           Power      Damage    Failure   Level
 Eringya's Noxious Bog    Tmut/Pois      5%         N/A       88%         6
 Kiss of Death            Conj/Necr      96%        2d12      1%          1
 Momentum Strike          Conj/Tloc      48%        3d9       1%          2
 Static Discharge         Conj/Air       48%        2-4/arc   1%          2
 Hailstorm                Conj/Ice       24%        3d7       1%          3
 Tukima's Dance           Hex            56%        N/A       1%          3
 Fulminant Prism          Conj/Hex       24%        3d13      1%          4
 Scorch                   Fire           22%        2d6       2%          2
 Flame Wave               Conj/Fire      24%        2d8       5%          4
 Anguish                  Hex/Necr       17%        N/A       6%          4
 Arcjolt                  Conj/Air       12%        1d22      13%         5
 Fireball                 Conj/Fire      12%        3d7       13%         5
 Irradiate                Conj/Tmut      12%        3d15      13%         5
 Lightning Bolt           Conj/Air       12%        1d25      13%         5
 Ozocubu's Armour         Ice            11%        N/A       17%         3
 Spider Form              Tmut/Pois      11%        N/A       17%         3
 Vhi's Electric Charge    Tloc/Air       22%        N/A       17%         3
 Metabolic Englaciation   Hex/Ice        17%        N/A       17%         5
 Animate Dead             Necr           11%        N/A       50%         4
 Dispel Undead            Necr           11%        3d9       50%         4
 Orb of Destruction       Conj           18%        9d8       71%         7
 Borgnjor's Vile Clutch   Necr/Erth      5%         N/A       85%         5
 Spellforged Servitor     Conj/Summ      12%        N/A       97%         7
 Death Channel            Necr           5%         N/A       100%        6
 Simulacrum               Ice/Necr       5%         N/A       100%        6
 Summon Cactus Giant      Summ           5%         N/A       100%        6


Dungeon Overview and Level Annotations

Branches:
Dungeon (10/15)            Temple (1/1) D:5            Lair (4/5) D:10
  Swamp (0/4) Lair:2        Snake (0/4) Lair:2        Slime (0/5) Lair:4
    Orc (0/2) D:10          Sewer (visited)          Bailey (visited)

Altars:
Ashenzari
Cheibriados
Dithmenos
Elyvilon
Fedhas
Gozag
Hepliaklqana
Kikubaaqudgha
Makhleb
Nemelex Xobeh
Okawaru
Qazlal
Ru
Sif Muna
Trog
Uskayaw
Vehumet
Wu Jian
Xom
Yredelemnul
Zin
The Shining One


Innate Abilities, Weirdness & Mutations

You are very small and have problems with some larger weapons.
You are too small for most types of armour.
You have supernaturally acute eyesight. (SInv)
You cover ground extremely quickly. (Speed+++)
You are partially covered in large bone plates. (SH +4)
Your flesh is cold resistant. (rC+)
Armour fits poorly on your strangely shaped body.
Your muscles are strong. (Str +4, Int/Dex -1)
You occasionally lose the ability to read scrolls when taking damage.


Message History

The slime creature resists with some effort.
The slime creature barely misses you.
The slime creature completely misses you.
Your magical contamination has completely faded away.
Casting: Ensorcelled Hibernation (safe; 1% risk of failure)
Confirm with . or Enter, or press ? or * to list all spells.
Aiming: Ensorcelled Hibernation (safe; 1% risk of failure)
Press: ? - help, Shift-Dir - straight line, f/p - slime creature
Aim: a slime creature (chance to affect: 46%)
The slime creature resists with some effort.
The slime creature hits you!!
* * * LOW HITPOINT WARNING * * *
The slime creature closely misses you.
A black mamba comes into view.
Casting: Ensorcelled Hibernation (safe; 1% risk of failure)
Confirm with . or Enter, or press ? or * to list all spells.
Aiming: Ensorcelled Hibernation (safe; 1% risk of failure)
Press: ? - help, Shift-Dir - straight line, f/p - slime creature
Aim: a slime creature (chance to affect: 46%)
The slime creature looks drowsy...
The slime creature closely misses you.
The slime creature completely misses you.
The helpless slime creature fails to defend itself.
You skewer the slime creature like a kebab!!!!
Your weapon exudes an aura of protection.
You kill the slime creature!
Vehumet accepts your kill.
You feel your power returning. You block the slime creature's attack.
Casting: Ensorcelled Hibernation (safe; 1% risk of failure)
Confirm with . or Enter, or press ? or * to list all spells.
Aiming: Ensorcelled Hibernation (safe; 1% risk of failure)
Press: ? - help, Shift-Dir - straight line, f - you That would be overly suicidal.
Okay, then.
Casting: Ensorcelled Hibernation (safe; 1% risk of failure)
Confirm with . or Enter, or press ? or * to list all spells.
You can't see any susceptible monsters within range! (Use Z to cast anyway.)
The slime creature hits you!
You feel threatened and lose the ability to read scrolls!
You die...

......†.#............P......#
.####..†.†#..........P.....##
#..#.).................#
.......#..#>..............##
...8...#..#................#
..>.......................†##
8...8...#...................#
.............#.............##
...##.#...##...@#..###....#
#.# ....##......J.##.#.#..P#
#..................#
###........###...###
##.###...## #. #....#
#............#
#......>.......
#P..............


You could see a slime creature.

Vanquished Creatures
  Nessos (Lair:4)
  3 death yaks (D:10)
  Erica (Lair:2)
  A two-headed ogre (D:10)
  Nergalle (Lair:2)
  2 bog bodies (Lair:2)
  An orc knight (Bailey)
  A black mamba (Lair:3)
  Maurice (D:10)
  A torpor snail (Lair:1)
  8 cane toads
  2 rime drakes
  3 unseen horrors
  Maggie (D:8)
  2 komodo dragons
  2 polar bears
  Prince Ribbit (D:5)
  9 blink frogs
  2 slime creatures (Lair:4)
  37 yaks
  A steam dragon (D:9)
  A basilisk (Lair:3)
  4 wyverns
  A swamp worm (Lair:2)
  3 nagas (Lair:2)
  13 water moccasins
  An ice beast (D:6)
  4 black bears
  2 sky beasts (D:7)
  10 orc warriors
  3 ogres
  7 centaurs
  Blork the orc (D:6)
  2 phantoms
  A kobold brigand (D:9)
  A necrophage (D:7)
  8 bullfrogs
  5 scorpions
  A killer bee (D:8)
  An electric eel (Lair:2)
  3 howler monkeys
  7 hounds
  3 jellies
  4 orc priests
  2 gnoll boudas
  Terence (D:3)
  2 iguanas
  9 orc wizards
  A hell rat (Sewer)
  7 adders
  11 gnolls
  A river rat (Sewer)
  A white imp (D:7)
  2 worms
  A dart slug (D:2)
  40 orcs
  7 endoplasms
  2 giant cockroaches
  6 hobgoblins
  3 jackals (D:5)
  3 quokkas
  11 ball pythons
  9 bats
  3 frilled lizards
  15 goblins
  10 kobolds
  12 rats
326 creatures vanquished.

Vanquished Creatures (others)
  5 fungi
  6 plants
11 creatures vanquished.

Grand Total: 337 creatures vanquished

Notes
Turn   | Place    | Note
-------+----------+-------------------------------------------
     0 | D:1      | koil the Spriggan Enchanter began the quest for the Orb.
     0 | D:1      | Reached XP level 1. HP: 9/9 MP: 5/5
   238 | D:1      | Reached XP level 2. HP: 6/13 MP: 6/6
   241 | D:1      | Learned a level 2 spell: Ensorcelled Hibernation
   789 | D:1      | Found a faded altar of an unknown god.
  1015 | D:2      | Reached XP level 3. HP: 17/17 MP: 8/8
  1019 | D:2      | Learned a level 3 spell: Confusing Touch
  1023 | D:2      | Learned a level 3 spell: Dazzling Flash
  1641 | D:3      | Reached skill level 1 in Fighting
  1673 | D:3      | Reached skill level 5 in Stealth
  1740 | D:3      | Reached XP level 4. HP: 22/22 MP: 6/9
  1933 | D:3      | Found a hide-covered altar of Uskayaw.
  2036 | D:3      | Noticed Terence
  2043 | D:3      | Killed Terence
  2184 | D:3      | Found a stormy altar of Qazlal.
  2214 | D:3      | Found a glowing drain.
  2219 | Sewer    | Entered a sewer
  2446 | Sewer    | Reached XP level 5. HP: 19/25 MP: 6/11
  2950 | D:4      | Reached XP level 6. HP: 26/30 MP: 5/12
  3059 | D:4      | Reached skill level 6 in Stealth
  3080 | D:4      | Reached skill level 5 in Hexes
  3406 | D:4      | Reached XP level 7. HP: 35/35 MP: 14/14
  3500 | D:5      | Entered Level 5 of the Dungeon
  3563 | D:5      | Found a staircase to the Ecumenical Temple.
  3631 | D:5      | Reached skill level 5 in Dodging
  3819 | D:5      | Reached skill level 7 in Stealth
  3831 | D:5      | Noticed Prince Ribbit
  3873 | D:5      | Reached skill level 5 in Spellcasting
  3878 | D:5      | Killed Prince Ribbit
  3879 | D:5      | Reached XP level 8. HP: 36/40 MP: 1/16
  4408 | D:5      | Found a radiant altar of Vehumet.
  4412 | D:5      | Became a worshipper of Vehumet
  4505 | D:5      | Found a broken altar of Ashenzari.
  4617 | Temple   | Entered the Ecumenical Temple
  5149 | D:6      | Reached skill level 8 in Stealth
  5185 | D:6      | Reached skill level 5 in Short Blades
  5185 | D:6      | Reached skill level 1 in Conjurations
  5382 | D:6      | Reached XP level 9. HP: 45/45 MP: 17/19
  5507 | D:6      | Noticed Blork the orc
  5513 | D:6      | Killed Blork the orc
  5678 | D:7      | Reached * piety under Vehumet
  5678 | D:7      | Offered knowledge of Magic Dart by Vehumet.
  5978 | D:7      | Gained mutation: You are strong-willed. (Will+) [potion of
                  | mutation]
  5978 | D:7      | Gained mutation: You have sharp toenails. [potion of
                  | mutation]
  6079 | D:7      | Reached skill level 9 in Stealth
  6594 | D:8      | Reached ** piety under Vehumet
  6631 | D:8      | Reached XP level 10. HP: 42/51 MP: 15/21
  6635 | D:8      | Offered knowledge of Searing Ray by Vehumet.
  6674 | D:8      | Found a flagged portal.
  6746 | Bailey   | Entered a bailey
  7141 | Bailey   | Reached skill level 10 in Stealth
  7225 | Bailey   | Noticed an orc knight
  7229 | Bailey   | Killed an orc knight
  7417 | D:8      | Reached skill level 5 in Fighting
  7485 | D:8      | Noticed Maggie
  7493 | D:8      | Killed Maggie
  7591 | D:8      | Found a bloodstained altar of Trog.
  8289 | D:9      | Offered knowledge of Poisonous Vapours by Vehumet.
  8512 | D:9      | Found a white marble altar of Elyvilon.
  8692 | D:10     | Entered Level 10 of the Dungeon
  8811 | D:10     | Identified the +8 flail of Mourning {vorpal, rPois rC++
                  | Int-3 Stlth+}
  8862 | D:10     | Noticed a death yak
  8863 | D:10     | Noticed a death yak
  8871 | D:10     | Found a staircase to the Lair.
  8874 | D:10     | Noticed a death yak
  8875 | D:10     | Killed a death yak
  8876 | D:10     | Reached skill level 11 in Stealth
  8878 | D:10     | Killed a death yak
  8879 | D:10     | Reached XP level 11. HP: 56/56 MP: 24/24
  8893 | D:10     | Killed a death yak
  8900 | D:10     | Reached *** piety under Vehumet
  9043 | D:10     | Found a staircase to the Orcish Mines.
  9069 | D:10     | Noticed Maurice
  9069 | D:10     | Noticed a two-headed ogre
  9078 | D:10     | Killed a two-headed ogre
  9125 | D:10     | Killed Maurice
  9418 | D:10     | Found a glowing silver altar of Zin.
  9418 | D:10     | Noticed an angel
  9425 | D:10     | Found an ancient bone altar of Kikubaaqudgha.
  9719 | Temple   | Identified a scroll of acquirement
  9719 | Temple   | Acquired koil's Parchment of Confrontation
  9835 | Lair:1   | Entered Level 1 of the Lair of Beasts
  9893 | Lair:1   | Offered knowledge of Olgreb's Toxic Radiance by Vehumet.
  9945 | Lair:1   | You fall into a shaft and drop 1 floor!
  9972 | Lair:2   | Noticed Erica
  9995 | Lair:2   | Reached skill level 12 in Stealth
  9995 | Lair:2   | Noticed Nergalle
 10001 | Lair:2   | Noticed a spectral orc warlord
 10017 | Lair:2   | HP: 1/56 [spectral orc warlord/+2 vorpal war axe[Nergalle]
                  | (5)]
 10045 | Lair:3   | Reached skill level 10 in Dodging
 10095 | Lair:2   | Noticed a spectral orc warlord
 10102 | Lair:2   | Killed Nergalle
 10267 | Lair:2   | Killed Erica
 10268 | Lair:2   | Reached XP level 12. HP: 62/62 MP: 19/26
 10319 | Lair:2   | Reached skill level 10 in Hexes
 10330 | Lair:1   | Reached **** piety under Vehumet
 10841 | Lair:2   | Found a staircase to the Snake Pit.
 11073 | Lair:2   | Offered knowledge of Mephitic Cloud by Vehumet.
 11279 | Lair:2   | Reached skill level 5 in Conjurations
 11294 | Lair:2   | Reached skill level 13 in Stealth
 11421 | Lair:2   | Found a staircase to the Swamp.
 11725 | Lair:3   | Reached skill level 10 in Spellcasting
 12160 | Lair:3   | Found a sparkling altar of Nemelex Xobeh.
 12264 | Lair:3   | Reached ***** piety under Vehumet
 12383 | Lair:3   | Offered knowledge of Eringya's Noxious Bog by Vehumet.
 12646 | Lair:3   | Lost mutation: You have sharp toenails. [potion of
                  | mutation]
 12646 | Lair:3   | Lost mutation: You are strong-willed. (Will+) [potion of
                  | mutation]
 12646 | Lair:3   | Gained mutation: You are partially covered in large bone
                  | plates. (SH +4) [potion of mutation]
 12646 | Lair:3   | Gained mutation: Your flesh is heat resistant. (rF+)
                  | [potion of mutation]
 12647 | Lair:3   | Lost mutation: Your flesh is heat resistant. (rF+) [potion
                  | of mutation]
 12647 | Lair:3   | Lost mutation: You are partially covered in large bone
                  | plates. (SH +4) [potion of mutation]
 12647 | Lair:3   | Gained mutation: Armour fits poorly on your strangely
                  | shaped body. [potion of mutation]
 12647 | Lair:3   | Gained mutation: You are partially covered in iridescent
                  | scales. (AC +2) [potion of mutation]
 12647 | Lair:3   | Gained mutation: Your flesh is cold resistant. (rC+)
                  | [potion of mutation]
 12647 | Lair:3   | Gained mutation: You expend magic power (3 MP) to
                  | strengthen your wands. [potion of mutation]
 12648 | Lair:3   | Lost mutation: You expend magic power (3 MP) to strengthen
                  | your wands. [potion of mutation]
 12648 | Lair:3   | Lost mutation: You are partially covered in iridescent
                  | scales. (AC +2) [potion of mutation]
 12648 | Lair:3   | Gained mutation: Your muscles are strong. (Str +4, Int/Dex
                  | -1) [potion of mutation]
 12648 | Lair:3   | Gained mutation: You occasionally lose the ability to read
                  | scrolls when taking damage. [potion of mutation]
 12648 | Lair:3   | Gained mutation: You are partially covered in large bone
                  | plates. (SH +4) [potion of mutation]
 12672 | Lair:4   | Noticed Nessos
 12679 | Lair:4   | Killed Nessos
 12777 | Lair:4   | Found a staircase to the Slime Pits.
 12826 | Lair:4   | Slain by a slime creature

Illustrated notes

Levels and vault maps discovered:
D:1:      lightli_arrival_windingriver, layout_loops_corners,
          hellmonk_ecumenical_altar_blasted, dk_noncrumbling_2,
          serial_bayou_lagoon_a
D:2:      layout_rooms, minmay_pentomino_r2
D:3:      layout_basic, nicolae_uskayaw_murder_on_the_dancefloor,
          grunt_qazlal_sundering, portal_sewer_entry_e, corner_web_ring,
          uniq_terence
D:4:      layout_rooms, serial_corexii_hall, corexii_hall_statues_i,
          corexii_hall_statues_s
D:5:      layout_loops_ring, ashenzari_altar_1, vehumet_altar_wand_db,
          minmay_temple_entry_wispy, uniq_prince_ribbit1
D:6:      layout_cave_pools, glass_columns_b, minmay_ogre_servants,
          uniq_blork_the_orc
D:7:      layout_rooms, st_stairs_1, kennysheep_generic_room_9
D:8:      layout_loops_corners, bloody_trog, enter_bailey_4,
          minmay_starry_boxes, uniq_maggie
D:9:      layout_rooms, mainiacjoe_overflow_concentric_impassable
D:10:     layout_irregular_city, zin_angel, kennysheep_mini, dpeg_lair_monsters,
          orc_0_dummy, kennysheep_generic_room_10, uniq_maurice
Temple:   minmay_temple_curvy_branch
Lair:1:   layout_hall_layers, grunt_megastairs_3
Lair:2:   layout_hall_layers, nicolae_swamp_entry_splash_gauntlet,
          guppyfry_snake_entry_garden, fungi_pond_lemuel,
          infiniplex_staircase_pool, uniq_nergalle, uniq_erica
Lair:3:   layout_cave_pods, lemuel_centaur_altar, grunt_megastairs_4
Lair:4:   layout_concentric_octagons, minmay_slime_entry_pillars,
          serial_bayou_pond_e, grunt_megastairs_2, lemuel_fruit_fields,
          uniq_nessos

Skill      XL: |  1  2  3  4  5  6  7  8  9 10 11 12 |
---------------+-------------------------------------+-----
Dodging        | 3 4 5 6 7 9 10 11 | 11.6
Spellcasting   | 3 4 5 6 7 8 9 10 | 10.5
Hexes          | 4 5 6 7 8 9 10 | 10.9
Fighting       | 1 2 3 4 5 6 7 |  7.1
Stealth        | 5 6 7 8 9 11 12 13 | 13.9
Short Blades   | 2 3 4 5 6 7 8 9 |  9.5
Conjurations   | 1 2 3 4 5 |  5.6

Action                   |  1- 3 |  4- 6 |  7- 9 | 10-12 || total
-------------------------+-------+-------+-------+-------++-------
Melee: Dagger            |   120 |   125 |   307 |   447 ||   999
       Punch             |     1 |     1 |     6 |     7 ||    15
       Kick              |       |       |    34 |   142 ||   176
Throw: Dart              |     1 |       |       |       ||     1
 Cast: Ensorcelled Hiber |     5 |    11 |    54 |    97 ||   167
       Confusing Touch   |       |       |     2 |     5 ||     7
       Dazzling Flash    |       |       |     2 |    22 ||    24
  Use: Scroll            |       |       |    21 |     4 ||    25
       Potion            |       |       |     5 |     4 ||     9
 Stab: Sleeping          |    17 |    19 |    46 |    90 ||   172
       Distracted        |       |     1 |     2 |       ||     3
       Invisible         |       |       |     1 |    28 ||    29
       Confused          |       |       |     1 |     6 ||     7
Armor: Robe              |     9 |    18 |    61 |    11 ||    99
       Steam dragon scal |       |       |       |    40 ||    40
Dodge: Dodged            |    83 |   110 |   223 |   604 ||  1020
Block: Other             |       |       |       |     2 ||     2

Table legend: (Time is in decaauts)
 A = Elapsed time spent in this place.
 B = Non-inter-level travel time spent in this place.
 C = Inter-level travel time spent in this place.
 D = Time resting spent in this place.
 E = Time spent auto-exploring this place.
 F = Levels seen in this place.
 G = Mean time per level.
                   A        B        C        D        E       F      G
               +--------+--------+--------+--------+--------+-----+--------+
         Total |   8932 |   8526 |    406 |    593 |   5415 |  17 |  525.4 |
       Dungeon |   5990 |   5678 |    312 |    188 |   3985 |  10 |  599.0 |
        Temple |    326 |    323 |      3 |    100 |    150 |   1 |  326.0 |
          Lair |   1996 |   1905 |     91 |    152 |   1198 |   4 |  499.0 |
         Sewer |    224 |    224 |      0 |     89 |     27 |   1 |  224.0 |
        Bailey |    394 |    394 |      0 |     64 |     52 |   1 |  394.0 |
               +--------+--------+--------+--------+--------+-----+--------+

Top non-repeatable levels by time:
     D:5: 834 daAuts
  Lair:3: 776 daAuts
     D:8: 736 daAuts
     D:3: 729 daAuts
  Lair:2: 692 daAuts
     D:1: 656 daAuts
    D:10: 599 daAuts
     D:7: 598 daAuts
     D:9: 539 daAuts
     D:4: 486 daAuts
     D:6: 453 daAuts
  Lair:1: 422 daAuts
  Bailey: 394 daAuts
     D:2: 356 daAuts
  Temple: 326 daAuts
